Map: Écho EC

Players

AgCl - Winner!

  • Race: Protoss Protoss
  • League: Grandmaster

Aeegic

  • Race: Zerg Zerg
  • League: Grandmaster

VOD

Have the link to the VOD?

Description

Time

  • Played on: July 12, 2015, 4:46 p.m.
  • Length: 18:25
Show
View Real Time Build Order
Export as new Build Order

AgCl Protoss - Winner!

Build Orders: Oracle Opening, Carrier Rush 

Get SALT Encoding   

  12  0:02  Probe  
  13  0:14  Probe  
  14  0:31  Pylon  
  14  0:39  Assimilator  
  14  0:49  Probe  
  15  0:50  Gateway  
  15  1:02  Probe (Chrono Boost)  
  16  1:11  Probe (Chrono Boost)  
  16  1:19  Probe  
  16  1:22  Pylon  
  16  1:24  Assimilator  
  17  1:31  Probe  
  18  1:44  Pylon  
  18  1:45  Cybernetics Core  
  19  1:47  Probe (Chrono Boost)  
  19  1:52  Zealot  
  21  1:59  Probe (Chrono Boost)  
  22  2:06  Probe (Chrono Boost)  
  23  2:16  Probe (Chrono Boost)  
  24  2:25  Probe (Chrono Boost)  
  24  2:28  Warp Gate (Chrono Boost)  
  25  2:30  Stargate  
  25  2:33  Probe (Chrono Boost)  
  26  2:41  Probe (Chrono Boost)  
  27  2:50  Probe  
  28  2:57  Nexus  
  28  3:02  Probe  
  29  3:07  Pylon  
  29  3:14  Probe  
  29  3:17  Pylon  
  30  3:20  Oracle (Chrono Boost)  
  33  3:29  Probe  
  34  3:43  Fleet Beacon  
  34  3:49  Probe  
  36  4:03  Probe (Chrono Boost)  
  36  4:11  Mothership Core (Chrono Boost)  
  36  4:15  Protoss Air Weapons Level 1  
  39  4:18  Probe (Chrono Boost)  
  39  4:25  Probe (Chrono Boost)  
  39  4:30  Probe (Chrono Boost)  
  41  4:32  Graviton Catapult  
  41  4:36  Probe (Chrono Boost)  
  43  4:40  Probe (Chrono Boost)  
  43  4:43  Probe (Chrono Boost)  
  44  4:50  Assimilator  
  44  4:52  Assimilator  
  46  4:53  Carrier (Chrono Boost)  
  46  4:54  Probe (Chrono Boost)  
  46  4:55  Probe (Chrono Boost)  
  46  5:00  Probe (Chrono Boost)  
  46  5:01  Probe  
  48  5:08  Gateway  
  48  5:12  Probe, Gateway  
  48  5:13  Probe  
  56  5:24  Probe (Chrono Boost)  
  56  5:28  Probe (Chrono Boost)  
  58  5:30  Stalker  
  61  5:36  Probe (Chrono Boost)  
  61  5:41  Stargate  
  61  5:42  Probe (Chrono Boost)  
  62  5:44  Probe (Chrono Boost), Pylon  
  62  5:47  Carrier (Chrono Boost)  
  63  5:50  Probe  
  63  5:53  Probe, Pylon  
  65  6:02  Probe  
  72  6:08  Probe  
  73  6:14  Carrier (Chrono Boost)  
  73  6:15  Probe, Gateway  
  74  6:21  Gateway  
  74  6:27  Probe  
  75  6:38  Forge  
  81  6:46  Protoss Air Weapons Level 2  
  81  6:57  Gateway  
  81  7:04  Pylon  
  81  7:11  Carrier (Chrono Boost)  
  81  7:17  Pylon  
  81  7:26  Carrier (Chrono Boost)  
  81  7:28  Adept x2  
  81  7:29  Pylon  
  91  7:34  Pylon  
  97  7:47  Protoss Ground Weapons Level 1  
  97  7:50  Robotics Facility  
  97  7:51  Pylon  
  97  7:54  Pylon  
  97  8:03  Nexus  
  97  8:05  Zealot  
  99  8:06  Pylon, Carrier (Chrono Boost)  
  99  8:07  Assimilator  
  94  8:28  Carrier (Chrono Boost)  
  94  8:34  Probe  
  101  8:35  Probe  
  101  8:36  Adept  
  101  8:37  Adept x3  
  101  8:39  Adept  
  101  8:40  Adept  
  114  8:46  Observer (Chrono Boost)  
  121  9:03  Probe, Assimilator  
  121  9:04  Photon Cannon  
  121  9:08  Pylon  
  122  9:11  Protoss Air Weapons Level 3 (Chrono Boost)  
  122  9:14  Zealot  
  124  9:22  Observer (Chrono Boost)  
  125  9:27  Photon Cannon  
  125  9:28  Pylon  
  123  9:40  Twilight Council  
  123  9:47  Photon Cannon  
  123  9:48  Photon Cannon  
  123  10:08  Protoss Shields Level 1 (Chrono Boost)  
  123  10:14  Pylon  
  123  10:15  Nexus  
  123  10:19  Templar Archives  
  123  10:22  Carrier x2 (Chrono Boost)  
  105  10:48  Probe (Chrono Boost)  
  116  10:52  Probe x2 (Chrono Boost)  
  106  10:59  Probe (Chrono Boost)  
  100  11:17  Probe (Chrono Boost)  
  102  11:19  Probe (Chrono Boost)  
  102  11:21  Probe (Chrono Boost)  
  102  11:26  Psionic Storm  
  105  11:34  Probe (Chrono Boost)  
  105  11:43  Probe (Chrono Boost)  
  105  12:13  Dark Shrine  
  104  12:16  Probe  
  104  12:17  Probe  
  104  12:20  Probe  
  107  12:24  Probe (Chrono Boost)  
  107  12:26  High Templar x2  
  114  12:32  Probe x2 (Chrono Boost)  
  114  12:33  Probe (Chrono Boost)  
  114  12:36  Probe (Chrono Boost)  
  116  12:37  Assimilator  
  116  12:40  Assimilator  
  116  12:41  Pylon, Carrier (Chrono Boost)  
  116  12:43  Probe (Chrono Boost)  
  120  12:45  Probe x3 (Chrono Boost)  
  120  12:46  Zealot  
  120  12:47  Adept  
  125  12:54  Probe (Chrono Boost)  
  125  12:55  Probe (Chrono Boost)  
  125  12:58  Probe x2 (Chrono Boost)  
  128  13:04  Probe  
  129  13:07  Probe  
  129  13:08  Probe  
  129  13:10  Probe  
  132  13:16  Probe  
  132  13:19  Photon Cannon  
  133  13:22  Carrier (Chrono Boost)  
  133  13:28  High Templar x2  
  137  13:38  Photon Cannon  
  137  13:39  Protoss Air Armor Level 1, Pylon  
  137  13:40  High Templar x2  
  147  13:49  Protoss Ground Weapons Level 2 (Chrono Boost)  
  147  13:59  Gateway  
  147  14:18  Nexus  
  147  14:21  Pylon  
  145  14:25  Archon  
  145  14:28  Archon  
  103  14:59  Observer (Chrono Boost)  
  104  15:03  High Templar x2  
  104  15:04  High Templar x2  
  112  15:14  Observer (Chrono Boost), Carrier (Chrono Boost)  
  113  15:16  Probe x2  
  113  15:19  Pylon  
  113  15:20  Probe  
  116  15:21  Archon  
  116  15:22  Assimilator  
  116  15:23  Archon  
  122  15:44  Carrier (Chrono Boost)  
  122  15:47  High Templar x4  
  122  15:49  Probe  
  131  16:17  Probe  
  131  16:18  Carrier (Chrono Boost)  
  132  16:22  Pylon  
  132  16:26  Gateway x2, Pylon  
  132  16:28  Gateway, Photon Cannon  
  132  16:38  Carrier (Chrono Boost)  
  137  16:44  Pylon  
  143  17:16  Pylon  
  143  17:34  Pylon  
  143  17:35  Dark Templar x2  
  153  17:47  Pylon  
  159  17:53  Assimilator  
  159  17:55  Photon Cannon  
  159  17:57  Gateway  
  159  17:59  Gateway  
  159  18:00  Pylon  
  159  18:02  Archon  
Show
View Real Time Build Order
Export as new Build Order

Aeegic Zerg 

Build Orders: Pool First 

Get SALT Encoding   

  12  0:01  Drone  
  13  0:08  Drone  
  14  0:28  Spawning Pool  
  13  0:29  Drone  
  14  0:37  Overlord  
  14  0:56  Drone x3  
  18  1:18  Drone  
  18  1:22  Hatchery  
  18  1:25  Drone  
  18  1:31  Drone  
  19  1:34  Queen  
  21  1:41  Overlord  
  21  1:48  Extractor  
  20  1:55  Drone  
  21  2:04  Drone  
  22  2:12  Queen  
  22  2:15  Drone  
  25  2:23  Drone, Extractor  
  25  2:34  Drone  
  25  2:35  Queen  
  28  2:37  Drone  
  28  2:43  Drone  
  30  2:44  Drone x3  
  30  2:48  Drone  
  34  2:55  Drone  
  34  2:56  Drone  
  34  2:58  Overlord  
  36  3:09  Overlord  
  36  3:19  Drone  
  42  3:20  Drone x5  
  42  3:22  Lair  
  42  3:27  Extractor  
  42  3:29  Extractor  
  40  3:44  Drone x4  
  44  4:00  Drone x8  
  52  4:08  Evolution Chamber  
  51  4:12  Evolution Chamber  
  50  4:22  Spore Crawler  
  49  4:25  Queen  
  49  4:31  Spore Crawler  
  32  4:46  Drone x7  
  39  5:02  Roach Warren  
  39  5:04  Hydralisk Den  
  37  5:08  Drone  
  37  5:09  Drone  
  37  5:10  Drone x10  
  49  5:20  Zerg Missile Weapons Level 1  
  49  5:21  Zerg Ground Armor Level 1  
  49  5:31  Drone  
  49  5:35  Hydralisk  
  50  5:41  Pneumatized Carapace  
  52  5:55  Glial Reconstitution  
  52  6:13  Hatchery, Spore Crawler  
  52  6:17  Spore Crawler  
  49  6:19  Overlord  
  49  6:20  Overlord x3  
  49  6:31  Muscular Augments  
  49  6:34  Overlord x2  
  49  6:39  Drone x2  
  51  6:42  Drone  
  51  6:43  Hydralisk  
  51  6:44  Hydralisk x4  
  51  6:46  Overlord  
  62  6:58  Overseer  
  62  7:13  Hydralisk  
  62  7:14  Hydralisk x9  
  82  7:36  Hydralisk  
  84  7:37  Hydralisk x4  
  84  7:38  Overlord x2  
  92  8:02  Hatchery, Drone  
  92  8:03  Zerg Missile Weapons Level 2  
  92  8:05  Zerg Ground Armor Level 2  
  92  8:18  Infestation Pit  
  91  8:22  Lurker Den  
  91  8:37  Hydralisk x5  
  91  8:38  Hydralisk x2  
  105  8:43  Overlord x2  
  105  9:09  Hive  
  105  9:18  Roach x9  
  123  9:27  Queen  
  123  9:29  Drone x2  
  127  9:47  Roach  
  127  9:48  Overlord  
  127  9:49  Overlord x4  
  129  10:05  Drone, Overlord  
  129  10:06  Overlord x2  
  130  10:10  Drone  
  130  10:11  Drone x6  
  137  10:33  Hydralisk  
  137  10:34  Hydralisk x5  
  93  10:56  Hydralisk  
  87  10:57  Hydralisk x6  
  87  11:03  Drone x3  
  92  11:19  Drone  
  92  11:22  Spore Crawler  
  92  11:23  Spore Crawler  
  92  11:24  Spore Crawler  
  90  11:26  Drone  
  90  11:27  Drone x6  
  97  11:35  Hatchery  
  96  11:54  Hydralisk x9, Extractor  
  113  12:01  Zerg Missile Weapons Level 3  
  113  12:13  Viper x2  
  113  12:14  Viper x2  
  113  12:15  Viper  
  128  12:24  Drone  
  128  12:25  Drone x3  
  132  12:33  Hydralisk  
  132  12:34  Hydralisk x4  
  142  13:21  Extractor  
  141  13:38  Hatchery, Hydralisk x16  
  141  13:39  Hydralisk x5  
  182  13:50  Drone x3  
  182  13:52  Extractor  
  182  13:53  Extractor  
  183  13:57  Zerg Ground Armor Level 3  
  184  14:10  Drone  
  135  14:30  Hydralisk x7  
  135  14:31  Hydralisk x2  
  125  14:41  Hydralisk x3  
  99  14:55  Hydralisk  
  99  14:56  Hydralisk x2  
  87  15:14  Hydralisk x4  
  91  15:29  Extractor  
  91  15:30  Hydralisk x2, Extractor  
  91  15:42  Hydralisk x2  
  93  15:48  Drone x3  
  64  16:09  Hydralisk x5  
  74  16:20  Spore Crawler  
  74  16:21  Spore Crawler  
  74  16:23  Spore Crawler  
  74  16:24  Spore Crawler  
  70  16:26  Spore Crawler  
  70  16:27  Spore Crawler  
  60  16:48  Hydralisk x4  
  60  16:49  Hatchery  
  60  17:20  Hydralisk  
  60  17:21  Hydralisk x5  
  50  17:51  Hydralisk  
  50  17:52  Hydralisk x3  
Tags
 
Add a new tag
Caveats
  • Supply blocks, unpowered buildings, or Contaminate may cause inaccurate times.
  • Supply counts are checked every 10 seconds.